AoeStats
← dubege

Arabia

510775999Analyzed
1v1 RM · 13h ago on Oct 2, 2026· 29m 8s· 2 players
Game mode
Random Map
Map size
Tiny (2 player)
Population
200
Speed
Normal
Resources
Standard
Victory
Conquest
Starting age
Dark Age
Ending age
Imperial Age
RankedLock teamsTeams togetherTeam positionsShared explorationLock speedFull tech treeHidden civsTurbo modeCheats
Victory
Defeat
🇹🇷 Huns · Türkiye
1018
+15
🇨🇳 Khmer · China
1001
-15
Xiaofan
6:03 Loom
9:00 Feudal Age
9:34 Double-Bit Axe
20:50 Castle Age
19:48 Horse Collar
22:03 Forging
21:59 Scale Barding Armor
23:03 Husbandry
26:33 Bow Saw
27:59 Wheelbarrow
28:01 Bloodlines
dubege
6:08 Loom
9:03 Feudal Age
17:09 Horse Collar
21:19 Castle Age
22:40 Bloodlines
23:31 Husbandry
24:14 Double-Bit Axe
28:36 Heavy Plow
Connection lost

Rejoining the realm…

Still unreachable

The connection could not be restored.

Session expired

The server has moved on; the page needs a fresh start.